 Dungeon Crawl Stone Soup version bcrawl-1.27.6 (webtiles) character file.

Game seed: 17997027178886339899

418085 Faustar the Arsonist (level 12, -4/59 HPs)
             Began as an Avariel Conjurer on Oct 5, 2020.
             Was an Elder of Vehumet.
             Slain by a seven-headed hydra (17 damage)
             ... on level 2 of the Lair of Beasts.
             The game lasted 00:38:10 (11769 turns).

Faustar the Arsonist (Avariel Conjurer)            Turns: 11769, Time: 00:38:11

Health: -4/59      AC:  9    Str:  6    XL:     12   Next: 50%
Magic:  19/29      EV: 15    Int: 30    God:    Vehumet [****..]
Gold:   739        SH:  0    Dex: 13    Spells: 14/33 levels left

rFire    + + .     SeeInvis .   F - staff of wizardry
rCold    . . .     Gourm    .   (no shield)
rNeg     . . .     Faith    .   L - +2 robe {rF+}
rPois    .         Spirit   .   K - +1 helmet {Int+3}
rElec    .         Reflect  .   Q - +0 cloak {+Inv}
rCorr    .         Harm     .   f - +0 pair of gloves
MR       +....                  s - +0 pair of boots
Stlth    ++........             (no amulet)
HPRegen  0.19/turn              D - ring of fire
MPRegen  0.21/turn              d - ring of protection from cold

@: flying quickly and evasively, studying Earth Magic, quick
A: able to fly
a: Stop Flying, Renounce Religion, Evoke Invisibility


You were on level 2 of the Lair of Beasts.
You worshipped Vehumet.
Vehumet was greatly pleased with you.
You were not hungry.

You visited 3 branches of the dungeon, and saw 12 of its levels.
You also visited: Bailey and Ice Cave.

You collected 897 gold pieces.
You spent 158 gold pieces at shops.

Inventory:

Hand Weapons
 k - the +6 dagger of Distraction {venom, MR+}
   (You found it on level 4 of the Dungeon)

   It poisons the flesh of those it strikes.
   It affects your resistance to hostile enchantments.
Missiles
 r - 4 throwing nets {=f}
Armour
 a - a +0 robe
 f - a +0 pair of gloves (worn)
 s - a +0 pair of boots (worn)
 v - a +0 troll leather armour
 K - a +1 helmet of intelligence (worn)
 L - a +2 robe of fire resistance (worn)
 N - +2 steam dragon scales
 Q - a +0 cloak of invisibility (worn)
Magical Staves
 F - an uncursed staff of wizardry (weapon)
Jewellery
 d - a ring of protection from cold (right hand)
 D - a ring of fire (left hand)
 I - an uncursed ring of ice
 M - an uncursed amulet of rage
 O - the ring "Bakiopuk" {+Blink +Fly MR- Str+4}
   (You took it off an orc wizard on level 9 of the Dungeon)

   [ring of flight]

   It affects your strength (+4).
   It affects your resistance to hostile enchantments.
   It lets you fly.
   It lets you blink.
 U - a cursed amulet of magic regeneration {unknown}
Wands
 y - a wand of flame (11)
 G - a wand of enslavement (13)
Scrolls
 b - 8 scrolls of remove curse
 g - 4 scrolls of blinking
 i - 3 scrolls of fog {unknown}
 q - 6 scrolls of teleportation
 t - a scroll of noise
 A - a scroll of enchant armour {unknown}
 B - a scroll of fear {unknown}
 J - 3 scrolls of identify
 P - 5 scrolls of amnesia
 R - a scroll of magic mapping
 S - a scroll of acquirement {unknown}
 T - a scroll of summoning {unknown}
Potions
 c - a potion of magic
 h - 2 potions of berserk rage {unknown}
 j - a potion of ambrosia {unknown}
 l - 2 potions of mutation
 m - 2 potions of might {unknown}
 n - 3 potions of flight {unknown}
 o - 4 potions of lignification {unknown}
 p - a potion of agility {unknown}
 u - 2 potions of invisibility {unknown}
 w - a potion of degeneration {unknown}
 x - a potion of heal wounds {unknown}
 z - 4 potions of haste
 E - 3 potions of brilliance {unknown}
 H - 6 potions of curing
Books
 C - a manual of Earth Magic
Comestibles
 e - 31 rations {!d}
 V - 6 chunks of flesh


   Skills:
 - Level 2.1 Dodging
 - Level 2.1 Stealth
 - Level 11.1 Spellcasting
 - Level 12.6 Conjurations
 - Level 3.0 Hexes
 * Level 5.2 Necromancy
 - Level 13.5 Fire Magic
 - Level 5.0 Air Magic
 * Level 5.2 Earth Magic
 - Level 3.0 Poison Magic


You had 14 spell levels left.
You knew the following spells:

 Your Spells              Type           Power        Failure   Level  Hunger
a - Magic Dart            Conj           ####         0%          1    None
b - Searing Ray           Conj           #######.     0%          2    None
c - Fulminant Prism       Conj/Hex       ######....   1%          4    None
d - Conjure Flame         Conj/Fire      #######.     1%          3    None
e - Mephitic Cloud        Conj/Pois/Air  ######..     1%          3    None
f - Borgnjor's Vile Clut  Necr/Erth      #####.....   22%         6    #####..

Your spell library contained the following spells:

 Spells                   Type           Power        Failure   Level  Hunger
 Conjure Ball Lightning   Conj/Air       ######....   1%          6    #####..
 Freeze                   Ice            ###...       1%          1    None
 Corpse Rot               Necr           N/A          1%          2    None
 Ensorcelled Hibernation  Hex/Ice        ####..       1%          2    None
 Throw Frost              Conj/Ice       ######       1%          2    None
 Iskenderun's Mystic Bla  Conj           #######.     1%          3    None
 Stone Arrow              Conj/Erth      ######       1%          3    None
 Throw Icicle             Conj/Ice       ######..     1%          4    None
 Irradiate                Conj/Tmut      ######....   1%          5    ###....
 Poison Arrow             Conj/Pois      ######....   2%          6    #####..
 Ozocubu's Armour         Chrm/Ice       ###.....     4%          3    None
 Tree Form                Hex/Tmut       N/A          7%          4    None
 Ice Form                 Ice/Tmut       ###.....     12%         4    None
 Summon Ice Beast         Ice/Summ       ###.....     12%         4    None
 Summon Forest            Summ/Tloc      ###.......   32%         5    ###....
 Darkness                 Hex            ####......   45%         6    #####..
 Infestation              Hex/Tmut/Pois  ####.....    61%         6    #####..
 Shadow Creatures         Summ           N/A          86%         6    #####..
 Summon Hydra             Summ           ###.......   86%         6    #####..
 Time Stop                Chrm/Tloc      N/A          100%        8    #######


Dungeon Overview and Level Annotations

Branches:
Dungeon (9/12)             Temple (1/1) D:4            Lair (2/6) D:8
  Swamp: Lair:2-4    Shoals: Lair:2-4     Snake: Lair:2-4    Spider: Lair:2-4
    Orc: D:8-11

Altars:
Dithmenos
Elyvilon
Fedhas
Gozag
Hepliaklqana
Kikubaaqudgha
Makhleb
Nemelex Xobeh
Ru
Sif Muna
Uskayaw
Vehumet
Yredelemnul
Zin
The Shining One

Shops:
D:7 !(!   D:9 *

Annotations:
D:8 exclusion: centaur warrior


Innate Abilities, Weirdness & Mutations

You can fly continuously.


Message History

Really fire in your fulminant prism's direction?
Okay, then.
Unknown command.
Casting: Searing Ray (safe; 0% risk of failure)
Confirm with . or Enter, or press ? or * to list all spells.
Aiming: Searing Ray (safe; 0% risk of failure)
Press: ? - help, Shift-Dir - straight line, p - seven-headed hydra (Press . to maintain the ray.)
The wolf closely misses you.
A bullfrog comes into view.
The wolf bites you. The wolf bites you!
Your fulminant prism crackles loudly.
The searing ray hits the seven-headed hydra.
The seven-headed hydra is heavily wounded.
The wolf closely misses you. x3; The wolf bites you but does no damage.
The seven-headed hydra bites you but does no damage.
The seven-headed hydra bites you!
* * * LOW HITPOINT WARNING * * *
The seven-headed hydra misses you. The seven-headed hydra bites you!
You die...

.......
.......
......F .
....... ..
#......## ...
#P.#...# .h..
#.....###
.....
#.รท@h#......
###hD.......
#P..*.....
###.......
.......
#......
#..... ..$..
#....


You could see a seven-headed hydra, a bullfrog, 2 wolves and a friendly
fulminant prism.

Vanquished Creatures
  A hydra (D:9)
  Psyche (D:8)
  Erica (D:8)
  A two-headed ogre (D:5)
  A death yak (D:8)
  A cyclops (D:9)
  A necromancer (IceCv)
  4 orc knights (Bailey)
  4 ice statues (IceCv)
  2 rime drakes (Lair:1)
  2 kobold demonologists (D:9)
  8 ice devils (IceCv)
  A komodo dragon (Lair:1)
  4 trolls
  A hippogriff (Lair:2)
  Sigmund (D:2)
  2 yaks (D:8)
  Menkaure (D:6)
  2 water moccasins (Lair:1)
  3 crocodiles
  5 ice beasts
  8 orc warriors
  A sky beast (D:5)
  A black bear (D:7)
  8 ogres
  4 phantoms
  4 wolves (Lair:2)
  3 centaurs
  2 bullfrogs
  A gnoll sergeant (D:9)
  A wyvern skeleton (D:8)
  5 scorpions
  4 wights (D:8)
  3 killer bees (D:8)
  6 howler monkeys
  4 crimson imps
  A quasit (D:6)
  3 draconian simulacra (IceCv)
  2 centaur zombies
  2 hounds
  2 jellies
  An orc priest (D:8)
  A centaur skeleton (D:5)
  5 iguanas
  3 orc wizards
  6 worker ants
  2 troll simulacra (IceCv)
  A centaur simulacrum (IceCv)
  3 hound skeletons
  6 gnolls
  12 adders
  2 naga simulacra (IceCv)
  2 ogre simulacra (IceCv)
  A shadow imp (D:8)
  A white imp (D:7)
  An ooze (D:3)
  An adder skeleton (D:6)
  An adder zombie (D:9)
  4 worms
  5 dart slugs
  8 leopard geckos
  32 orcs
  2 bats (D:2)
  6 giant cockroaches
  9 hobgoblins
  11 jackals
  A quokka (D:3)
  12 frilled lizards
  10 goblins
  A goblin zombie (D:7)
  2 hobgoblin zombies (D:7)
  A jackal zombie (D:5)
  8 kobolds
  A kobold skeleton (D:7)
  2 kobold zombies (D:7)
  An orc zombie (D:7)
  8 rats
285 creatures vanquished.

Vanquished Creatures (others)
  23 fulminant prisms
  A plant (D:9)
24 creatures vanquished.

Grand Total: 309 creatures vanquished

Notes
Turn   | Place    | Note
-------+----------+-------------------------------------------
     0 | D:1      | Faustar the Avariel Conjurer began the quest for the Orb.
     0 | D:1      | Reached XP level 1. HP: 10/10 MP: 6/6
    76 | D:1      | Reached XP level 2. HP: 15/15 MP: 5/8
   212 | D:1      | Learned a level 2 spell: Searing Ray
   941 | D:2      | Reached XP level 3. HP: 19/19 MP: 8/10
  1064 | D:2      | Noticed Sigmund
  1070 | D:2      | Killed Sigmund
  1070 | D:2      | Reached skill level 5 in Spellcasting
  1070 | D:2      | Reached XP level 4. HP: 24/24 MP: 5/13
  1070 | D:2      | Reached XP level 5. HP: 28/28 MP: 5/14
  1367 | D:2      | Found a radiant altar of Vehumet.
  1447 | D:2      | Became a worshipper of Vehumet
  1607 | D:2      | Learned a level 4 spell: Fulminant Prism
  1624 | D:2      | Reached XP level 6. HP: 32/32 MP: 11/16
  1857 | D:3      | Found a white marble altar of Elyvilon.
  2151 | D:3      | Reached skill level 1 in Hexes
  2306 | D:3      | Reached * piety under Vehumet
  2306 | D:3      | Offered knowledge of Sting by Vehumet.
  2558 | D:3      | Found an ancient bone altar of Kikubaaqudgha.
  2667 | D:3      | Found a basalt altar of Yredelemnul.
  3190 | D:4      | Got an ichor-stained dagger
  3279 | D:4      | Found a staircase to the Ecumenical Temple.
  3288 | Temple   | Entered the Ecumenical Temple
  3351 | D:4      | Reached XP level 7. HP: 36/36 MP: 15/18
  3788 | D:4      | Found a sand-covered staircase.
  3855 | D:5      | Entered Level 5 of the Dungeon
  4219 | D:5      | Noticed a two-headed ogre
  4247 | D:5      | Killed a two-headed ogre
  4247 | D:5      | Reached skill level 10 in Conjurations
  4247 | D:5      | Reached XP level 8. HP: 6/41 MP: 0/23
  4487 | D:5      | Gained mutation: You can fly continuously. [Avariel growth]
  4487 | D:5      | Reached XP level 9. HP: 45/45 MP: 19/24
  4831 | D:6      | Reached ** piety under Vehumet
  4837 | D:6      | Offered knowledge of Sandblast by Vehumet.
  4837 | D:6      | Noticed Menkaure
  4840 | D:6      | Killed Menkaure
  4840 | D:6      | Reached skill level 10 in Spellcasting
  5023 | D:6      | Found a sparkling altar of Nemelex Xobeh.
  5261 | D:6      | Identified the +6 dagger of Distraction {venom, MR+} (You
                  | found it on level 4 of the Dungeon)
  5641 | D:6      | Found a sacrificial altar of Ru.
  5643 | D:6      | Found a burning altar of Makhleb.
  5643 | D:6      | Found a glowing silver altar of Zin.
  5815 | D:7      | Found a glowing golden altar of the Shining One.
  5821 | D:7      | Offered knowledge of Conjure Flame by Vehumet.
  5828 | D:7      | Learned a level 3 spell: Conjure Flame
  6169 | D:7      | Reached skill level 1 in Fire Magic
  6271 | D:7      | Reached skill level 2 in Fire Magic
  6445 | D:7      | Found Kiqut's Weapon Boutique.
  6468 | D:7      | Reached skill level 3 in Fire Magic
  6531 | D:7      | Reached XP level 10. HP: 32/50 MP: 17/27
  6584 | D:7      | Found Kuenex's Distillery.
  6592 | D:7      | Bought 2 potions of curing for 55 gold pieces
  6674 | D:7      | Reached skill level 5 in Fire Magic
  6853 | D:7      | Found Fata's Distillery.
  7418 | D:8      | Reached skill level 6 in Fire Magic
  7445 | D:8      | Noticed a centaur warrior
  7476 | D:8      | Reached *** piety under Vehumet
  7854 | D:8      | Reached skill level 7 in Fire Magic
  8030 | D:8      | Noticed Erica
  8037 | D:8      | Killed Erica
  8037 | D:8      | Reached skill level 8 in Fire Magic
  8078 | D:8      | Reached skill level 9 in Fire Magic
  8080 | D:8      | Noticed a death yak
  8085 | D:8      | Noticed a death yak
  8086 | D:8      | Killed a death yak
  8086 | D:8      | Reached skill level 10 in Fire Magic
  8207 | D:9      | Noticed a cyclops
  8219 | D:9      | Killed a cyclops
  8219 | D:9      | Reached XP level 11. HP: 13/54 MP: 17/28
  8283 | D:9      | Offered knowledge of Mephitic Cloud by Vehumet.
  8288 | D:9      | Learned a level 3 spell: Mephitic Cloud
  8299 | D:9      | Found Uxtigedo's Assorted Antiques.
  8358 | D:9      | Reached skill level 1 in Air Magic
  8381 | D:9      | Reached skill level 1 in Poison Magic
  8414 | D:9      | Bought a runed robe for 103 gold pieces
  8576 | D:9      | Found a flagged portal.
  8589 | Bailey   | Entered a bailey
  8642 | Bailey   | Reached **** piety under Vehumet
  8705 | Bailey   | Noticed an orc knight
  8705 | Bailey   | Noticed an orc knight
  8710 | Bailey   | Killed an orc knight
  8710 | Bailey   | Reached skill level 11 in Fire Magic
  8712 | Bailey   | Killed an orc knight
  8728 | Bailey   | Noticed an orc knight
  8737 | Bailey   | Killed an orc knight
  8737 | Bailey   | Offered knowledge of Sticky Flame by Vehumet.
  8746 | Bailey   | Noticed an orc knight
  8754 | Bailey   | Killed an orc knight
  9074 | D:9      | Noticed a six-headed hydra
  9081 | D:9      | Killed a six-headed hydra
  9081 | D:9      | Reached skill level 5 in Air Magic
  9093 | D:9      | Reached skill level 12 in Fire Magic
  9102 | D:9      | Identified the ring "Bakiopuk" {+Blink +Fly MR- Str+4}
  9354 | D:9      | Found a shadowy altar of Dithmenos.
  9640 | D:8      | Noticed Psyche
  9649 | D:8      | Killed Psyche
  9783 | D:8      | Found a staircase to the Lair.
  9849 | Lair:1   | Entered Level 1 of the Lair of Beasts
  9853 | Lair:1   | Reached skill level 13 in Fire Magic
  9909 | Lair:1   | Reached ***** piety under Vehumet
  9947 | Lair:1   | Found a frozen archway.
  9956 | IceCv    | Entered an ice cave
  9971 | IceCv    | Reached XP level 12. HP: 59/59 MP: 22/29
 10032 | IceCv    | Offered knowledge of Conjure Ball Lightning by Vehumet.
 10040 | IceCv    | Learned a level 6 spell: Borgnjor's Vile Clutch
 10141 | IceCv    | Reached skill level 1 in Necromancy
 10141 | IceCv    | Reached skill level 1 in Earth Magic
 11678 | Lair:2   | Reached skill level 5 in Necromancy
 11678 | Lair:2   | Reached skill level 5 in Earth Magic
 11760 | Lair:2   | Noticed a seven-headed hydra
 11769 | Lair:2   | Slain by a seven-headed hydra

Skill      XL: |  1  2  3  4  5  6  7  8  9 10 11 12 |
---------------+-------------------------------------+-----
Spellcasting   | 3 5 6 9 11 | 11.1
Conjurations   | 7 8 10 11 12 | 12.6
Hexes          | 2 3 |  3.0
Fire Magic     | 3 10 13 | 13.5
Air Magic      | 5 |  5.0
Poison Magic   | 3 |  3.0
Necromancy     | 5 |  5.2
Earth Magic    | 5 |  5.2
Dodging        | |  2.1
Stealth        | |  2.1

Action                   |  1- 3 |  4- 6 |  7- 9 | 10-12 || total
-------------------------+-------+-------+-------+-------++-------
Melee: Unarmed           |       |     1 |       |       ||     1
       Dagger            |       |       |     4 |       ||     4
       Staff             |       |       |     3 |    12 ||    15
 Cast: Magic Dart        |    44 |    65 |    68 |    88 ||   265
       Searing Ray       |     1 |    18 |    38 |    94 ||   151
       Fulminant Prism   |       |       |     5 |    19 ||    24
       Conjure Flame     |       |       |     6 |    24 ||    30
       Mephitic Cloud    |       |       |       |     8 ||     8
 Abil: Fly               |       |       |       |     1 ||     1
Evoke: Wand              |       |       |     2 |       ||     2
  Use: Scroll            |       |     3 |     1 |     6 ||    10
  Eat: Chunk             |     1 |     9 |    11 |    23 ||    44
Armor: Robe              |     1 |       |     8 |     7 ||    16
       Troll leather arm |       |       |       |    10 ||    10
Dodge: Dodged            |     3 |     9 |    16 |    79 ||   107
